 Dungeon Crawl Stone Soup version 0.25-a0-578-gc91f01c39c (webtiles) character file.

Game seed: 11632983801148952281, levelgen mode: deterministic

30 magipi the Conjurer (level 3, -7/28 HPs)
             Began as a Minotaur Conjurer on Mar 6, 2020.
             Mangled by Sigmund
             ... wielding a +0 scythe
              (11 damage)
             ... on level 2 of the Dungeon.
             The game lasted 00:02:05 (935 turns).

magipi the Conjurer (Minotaur Conjurer)              Turns: 935, Time: 00:02:06

Health: -7/28      AC:  6    Str: 13    XL:     3   Next: 3%
Magic:  4/4        EV:  9    Int: 12    God:
Gold:   41         SH:  0    Dex: 10    Spells: 3/4 levels left

rFire    . . .     SeeInvis .   a - +0 whip
rCold    . . .     Gourm    .   (no shield)
rNeg     . . .     Faith    .   e - +0 scale mail
rPois    .         Spirit   .   (helmet restricted)
rElec    .         Reflect  .   (no cloak)
rCorr    .         Harm     .   (no gloves)
MR       .....                  (no boots)
Stlth    ..........             (no amulet)
HPRegen  0.09/turn              (no ring)
MPRegen  0.09/turn              (no ring)

@: no status effects
A: retaliatory headbutt, horns 2
a: no special abilities


You were on level 2 of the Dungeon.
You were not hungry.

You visited 1 branch of the dungeon, and saw 2 of its levels.

You collected 41 gold pieces.

Inventory:

Hand Weapons
 a - a +0 whip (weapon)
   (You took it off a kobold on level 1 of the Dungeon)
Missiles
 d - 45 stones (quivered)
Armour
 e - a +0 scale mail (worn)
   (You found it on level 1 of the Dungeon)
Jewellery
 b - an uncursed amulet of faith {unknown}
   (You found it on level 1 of the Dungeon)
Scrolls
 f - a scroll of fear {unknown}
 h - a scroll of random uselessness {unknown}
 i - a scroll of remove curse {unknown}
Potions
 g - a potion of lignification {unknown}
Comestibles
 c - a ration


   Skills:
 + Level 1.6 Fighting
 + Level 1.2 Throwing
 + Level 2.8 Dodging
 - Level 1.5 Stealth
 - Level 1.3 Spellcasting
 - Level 3.0 Conjurations


You had 3 spell levels left.
You knew the following spells:

 Your Spells              Type           Power        Failure   Level  Hunger
a - Magic Dart            Conj           #...         38%         1    ##.....

Your spell library contained the following spells:

 Spells                   Type           Power        Failure   Level  Hunger
 Searing Ray              Conj           #.....       54%         2    ###....
 Dazzling Flash           Conj/Hex       #.....       93%         3    ####...
 Fulminant Prism          Conj/Hex       #.........   100%        4    #####..
 Iskenderun's Mystic Bla  Conj/Tloc      #.......     100%        4    #####..


Dungeon Overview and Level Annotations

Branches:
Dungeon (2/15)

Altars:

Annotations:
D:2 Robin, Sigmund


Innate Abilities, Weirdness & Mutations

You reflexively headbutt those who attack you in melee.
You have a pair of horns on your head.


Message History

Unknown command.
You hit the adder but do no damage. The adder barely misses you.
You barely miss the adder. The adder bites you but does no damage.
You hit the adder.
The adder is heavily wounded.
The adder bites you but does no damage. The adder closely misses you.
You miss the adder.
The adder is heavily wounded.
The adder barely misses you.
You closely miss the adder.
The adder is heavily wounded.
The adder bites you but does no damage. The adder barely misses you.
You furiously retaliate!
You headbutt the adder!
You kill the adder!
Your Throwing skill increases to level 1! 4 goblins, Sigmund and Robin come into view.
Robin is wielding a -1 club and carrying a wand of random effects (22).
Sigmund shouts!
Robin shouts!
The goblin shouts! x3; You hear a shout!
Robin roars a battlecry!
The goblins go into a battle-frenzy!
Sigmund gestures wildly while chanting.
Sigmund flickers and vanishes!
Deactivating autopickup; reactivate with Ctrl-A.
The goblin moves out of view.
You hear a shout!
Found a ration and 18 arrows.
You see here an adder corpse.
Unknown command.
Unknown command.
You hear a shout!
There is a stone staircase leading up here.
You hit the goblin.
You kill the goblin!
No target in view!
Unknown command.
Unknown command.
You miss the goblin. The goblin barely misses you.
You hit the goblin. You headbutt the goblin.
You kill the goblin!
No target in view!
Unknown command.
Unknown command.
Unknown command. 2 goblins come into view.
A goblin is quivering 15 poisoned darts.
The goblin shouts! x2
A hobgoblin comes into view. It is wielding a +0 club.
A goblin comes into view.
A goblin comes into view.
The goblin moves out of view.
You see here an adder corpse.
There is a stone staircase leading up here.
The goblin no longer looks unusually strong.
You closely miss the goblin. Your headbutt misses the goblin.
The goblin closely misses you.
You closely miss the goblin. You headbutt the goblin.
You kill the goblin!
You hit the hobgoblin.
The hobgoblin is moderately wounded.
The hobgoblin closely misses you.
You hit the hobgoblin but do no damage.
The hobgoblin is moderately wounded.
The hobgoblin closely misses you. You furiously retaliate!
You headbutt the hobgoblin.
You kill the hobgoblin!
You barely miss the goblin. The goblin misses you.
You hit the goblin.
The goblin is moderately wounded.
The goblin barely misses you. You furiously retaliate!
You headbutt the goblin!
You kill the goblin!
You miss the goblin. The goblin closely misses you. You furiously retaliate!
You headbutt the goblin!
You kill the goblin!
You have reached level 3!
Your experience leads to an increase in your attributes!
Increase (S)trength, (I)ntelligence, or (D)exterity?
Uppercase letters only, please.
You feel stronger.
Unknown command.
Unknown command.
You hit the goblin.
The goblin is severely wounded.
The goblin hits you but does no damage.
You hit the goblin.
You kill the goblin!
You barely miss Robin. Something hits you!
You hit Robin but do no damage. You hit Robin.
Robin is lightly wounded.
Something hits you but does no damage.
Unknown command.
You hit Robin.
Robin is moderately wounded.
Robin hits you with a cursed -1 club. Something hits you!
* * * LOW HITPOINT WARNING * * *
Unknown command.
Robin roars a battlecry!
The goblin goes into a battle-frenzy!
Something hits you!
You die...

### # #(( #.#.#
#
...##.#.###g.##
...(%..g{.g.gg.
#g# #@# ###


You could see Robin and a goblin.

Vanquished Creatures
  An adder (D:2)
  2 leopard geckos (D:1)
  7 goblins
  A hobgoblin (D:2)
  2 jackals (D:1)
  3 kobolds (D:1)
16 creatures vanquished.

Notes
Turn   | Place    | Note
-------+----------+-------------------------------------------
     0 | D:1      | magipi the Minotaur Conjurer began the quest for the Orb.
     0 | D:1      | Reached XP level 1. HP: 14/14 MP: 1/1
    48 | D:1      | Reached skill level 3 in Conjurations
   432 | D:1      | Reached XP level 2. HP: 18/22 MP: 3/3
   440 | D:1      | Reached skill level 1 in Fighting
   903 | D:2      | Reached skill level 1 in Throwing
   904 | D:2      | Noticed Sigmund
   904 | D:2      | Noticed Robin
   928 | D:2      | Reached XP level 3. HP: 28/28 MP: 4/4
   935 | D:2      | Mangled by Sigmund

Levels and vault maps discovered:
D:1:      ncdulo_watergridlock, layout_loops_ring
D:2:      layout_basic, zin_purify, kennysheep_donut, dk_vineyard_3,
          uniq_crazy_yiuf_cottage, uniq_sigmund, uniq_jessica, uniq_robin

Skill      XL: |  1  2 |
---------------+-------+-----
Conjurations   | 3 |  3.0
Fighting       | 1 |  1.6
Throwing       | 1 |  1.2
Dodging        | |  2.8
Stealth        | |  1.5
Spellcasting   | |  1.3

Action                   || total
-------------------------++-------
Melee: Unarmed           ||    34
       Headbutt          ||     6
       Whip              ||    29
Throw: Stone             ||     4
Armor: Scale mail        ||    21
       Robe              ||     2
Dodge: Dodged            ||    35

Table legend:
 A = Non-vault XP
 B = Vault XP
 C = Vault XP percentage of total XP
 D = Non-vault monster count
 E = Vault monster count
 F = Vault count percentage of total count
                 A         B        C        D         E       F
            +---------+---------+-------+---------+---------+-------
      Total |      29 |      14 |  32.6 |       9 |       7 |  43.8
            +---------+---------+-------+---------+---------+-------
        D:1 |      16 |       0 |   0.0 |       8 |       0 |   0.0
        D:2 |      13 |      14 |  51.9 |       1 |       7 |  87.5
            +---------+---------+-------+---------+---------+-------

Action                   || total
-------------------------++-------
Melee: Unarmed           ||    34
       Headbutt          ||     6
       Whip              ||    29
Throw: Stone             ||     4
Armor: Scale mail        ||    21
       Robe              ||     2
Dodge: Dodged            ||    35
